 Dungeon Crawl Stone Soup version 0.30-a0-776-g08fbeb92c1 (console) character file.

Game seed: 13088620333194098186

4976 Ignak the Ogre Mage (level 10, -11/102 HPs)
             Began as an Ogre Hedge Wizard on Feb 13, 2023.
             Was a Follower of Okawaru.
             Mangled by Menkaure (23 damage)
             ... on level 8 of the Dungeon.
             The game lasted 00:28:57 (10122 turns).

Ignak the Ogre Mage (Ogre Hedge Wizard)            Turns: 10122, Time: 00:28:58

Health: -11/102    AC:  4    Str: 20    XL:     10   Next: 53%
Magic:  15/20      EV: 10    Int: 15    God:    Okawaru [*.....]
Gold:   1539       SH:  0    Dex:  8    Spells: 7/23 levels left

rFire   . . .      SeeInvis .    A - +5 halberd
rCold   . . .      Faith    .    (shield currently unavailable)
rNeg    . . .      Spirit   .    b - +0 robe
rPois   .          Reflect  .    c - +0 hat
rElec   .          Harm     .    e - +0 cloak
rCorr   .          Rampage  .    (gloves unavailable)
Will    +....                    (boots unavailable)
Stlth   +                        (no amulet)
HPRegen 0.37/turn                v - ring of flight
MPRegen 0.17/turn                (no ring)

@: about to teleport, flying
A: large, unfitting armour, tough skin 1
a: Renounce Religion, Heroism


You were on level 8 of the Dungeon.
You worshipped Okawaru.
Okawaru was aware of your devotion.
You visited 1 branch of the dungeon, and saw 8 of its levels.
You also visited: Bailey.

You collected 1539 gold pieces.

Inventory:

Hand Weapons
 p - a +3 mace of protection
 q - a +0 war axe
 s - the +10 dagger of the Desolation of Salt {drain, Dex+4}
   (You found it on level 3 of the Dungeon)

   Dex:       It affects your dexterity (+4).
 z - the +1 dagger of Seeni {freeze, rC++ Int+3 Dex-5}
   (You found it on level 4 of the Dungeon)

   Int:       It affects your intelligence (+3).
   Dex:       It affects your dexterity (-5).
   rC:        It greatly protects you from cold.
 A - a +5 halberd (weapon)
Missiles
 w - 13 poisoned darts (quivered)
Armour
 b - a +0 robe (worn)
 c - a +0 hat (worn)
 e - a +0 cloak (worn)
 B - an orb of mayhem
Magical Staves
 f - a staff of conjuration
 t - a staff of poison
Jewellery
 j - an amulet of faith
 v - a ring of flight (left hand)
Scrolls
 a - 4 scrolls of poison
 g - a scroll of teleportation
 k - 3 scrolls of fog
 m - a scroll of fear
 o - a scroll of magic mapping
 x - 2 scrolls of amnesia {unknown}
 y - a scroll of immolation {unknown}
 D - a scroll of silence {unknown}
Potions
 h - a potion of invisibility
 i - a potion of heal wounds
 l - 2 potions of brilliance {unknown}
 n - a potion of haste {unknown}
 r - 2 potions of attraction {unknown}
 u - 4 potions of curing
 C - 2 potions of mutation {unknown}


   Skills:
 + Level 7.0 Fighting
 + Level 5.2 Axes
 - Level 0.1(2.8) Maces & Flails
 - Level 4.0 Armour
 + Level 5.5 Dodging
 - Level 1.4 Stealth
 + Level 7.2 Spellcasting
 - Level 3.0 Conjurations
 - Level 0.8 Summonings
 - Level 3.0 Translocations
 - Level 4.0 Transmutations
 + Level 4.4 Ice Magic
 - Level 2.0 Air Magic
 - Level 2.0 Poison Magic


You had 7 spell levels left.
You knew the following spells:

 Your Spells              Type           Power      Damage    Failure   Level
a - Teleport Other        Tloc           14%        N/A       12%         3
b - Blink                 Tloc           28%        N/A       6%          2
c - Frozen Ramparts       Ice            36%        1d6       6%          3
d - Mephitic Cloud        Conj/Pois/Air  12%        N/A       16%         3
e - Call Imp              Summ           8%         N/A       14%         2
f - Magic Dart            Conj           56%        1d5       3%          1
z - Wereblood             Tmut           17%        N/A       3%          2

Your spell library contained the following spells:

 Spells                   Type           Power      Damage    Failure   Level
 Lesser Beckoning         Tloc           28%        N/A       6%          2
 Kiss of Death            Conj/Necr      36%        2d8       7%          1
 Cigotuvi's Dreadful Rot  Necr/Pois/Air  18%        N/A       12%         2
 Gell's Gravitas          Tloc           14%        N/A       12%         3
 Slow                     Hex            20%        N/A       13%         1
 Sublimation of Blood     Necr           5%         N/A       21%         2
 Ice Form                 Ice/Tmut       18%        N/A       22%         4
 Confusing Touch          Hex            5%         N/A       36%         3
 Dispel Undead            Necr           5%         3d7       78%         4
 Summon Ice Beast         Ice/Summ       Unusable   N/A       N/A         4
 Summon Hydra             Summ           Unusable   N/A       N/A         7

Dungeon Overview and Level Annotations

Branches:
Dungeon (8/15)             Temple (0/1) D:5          Bailey (visited)
   Lair: D:8-11

Altars:
Qazlal
Vehumet
Zin

Annotations:
D:8 Menkaure


Innate Abilities, Weirdness & Mutations

You are too large for most types of armour.
You have tough skin. (AC +1)


Message History

Casting: Mephitic Cloud (dangerous; 16% risk of failure)
Confirm with . or Enter, or press ? or * to list all spells.
Aiming: Mephitic Cloud (dangerous; 16% risk of failure)
Press: ? - help, Shift-Dir - straight line The ball explodes into a vile cloud!
The stinking cloud engulfs the gnoll but does no damage.
Menkaure hits you!
You closely miss Menkaure.
Menkaure is moderately damaged.
Menkaure barely misses you. Menkaure hits you!!
* * * LOW HITPOINT WARNING * * *
You barely miss Menkaure.
Menkaure is moderately damaged.
Menkaure closely misses you.
The gnoll hits you from afar with a +0 spear.
* * * LOW HITPOINT WARNING * * *
The gnoll barely misses you.
There is an open door here.
Menkaure's bandages flutter.
Menkaure casts a spell at you. Pain shoots through your body!
* * * LOW HITPOINT WARNING * * *
Menkaure attacks as you move away! Menkaure misses you.
There is an escape hatch in the floor here.
Menkaure barely misses you. Menkaure hits you but does no damage.
You fly downwards.
The hatch slams shut behind you.
Found a glowing sling.
Press: ? - help, v - describe, . - travel
Here: Menkaure (moderately damaged, fast)
The floor.
As you read the scroll of teleportation, it crumbles to dust.
You feel strangely unstable.
Menkaure points at you and mumbles some strange words.
You resist with significant effort.
You feel much better. Menkaure hits you!
* * * LOW HITPOINT WARNING * * *
Menkaure barely misses you. Menkaure barely misses you.
Menkaure attacks as you move away! Menkaure hits you!!
You die...

## +.###
#.@.###
#..#M..#
#...)....#
#.............
#........#.###
#..n..#.....#
#.#........##
...........#
#........##


You could see a necrophage and Menkaure (fast).

Vanquished Creatures
  An orc high priest (Bailey)
  An orc knight (Bailey)
  A kobold demonologist (Bailey)
  Grinder (D:3)
  The ghost of crabbyslav the Stinger, an amateur OpWn (D:3)
  2 black bears (D:6)
  A sky beast (D:4)
  10 orc warriors (Bailey)
  An ice beast (D:5)
  2 centaurs
  An ogre (D:4)
  A phantom (D:6)
  A kobold brigand (D:4)
  3 bullfrogs
  2 scorpions
  A necrophage (D:6)
  A wight (D:4)
  6 killer bees (D:5)
  7 electric eels (Bailey)
  A bullfrog skeleton (D:3)
  A centaur skeleton (D:3)
  2 gnoll boudas
  A jelly (D:6)
  4 iguanas
  7 adders
  14 gnolls
  5 river rats (D:6)
  2 white imps
  2 dart slugs
  19 orcs
  12 ball pythons
  9 bats
  6 endoplasms
  3 giant cockroaches (D:3)
  16 goblins
  7 hobgoblins
  11 kobolds
  5 quokkas
  A frilled lizard (D:1)
  9 rats
181 creatures vanquished.

Vanquished Creatures (collateral kills)
  A necrophage (D:2)
  A hound (D:6)
  An iguana (D:6)
  2 gnolls (D:5)
  An adder (D:2)
  An ufetubus (D:5)
  An endoplasm (D:1)
  A goblin (D:1)
  A hobgoblin (D:2)
  4 jackals (D:1)
  2 kobolds
  2 ball pythons (D:1)
  A bat (D:2)
  A frilled lizard (D:1)
20 creatures vanquished.

Grand Total: 201 creatures vanquished

Notes
Turn   | Place    | Note
-------+----------+-------------------------------------------
     0 | D:1      | Ignak the Ogre Hedge Wizard began the quest for the Orb.
     0 | D:1      | Reached XP level 1. HP: 16/16 MP: 5/5
    68 | D:1      | Reached skill level 1 in Conjurations
    68 | D:1      | Reached skill level 1 in Translocations
   165 | D:1      | Reached XP level 2. HP: 23/26 MP: 6/6
   173 | D:1      | Learned a level 2 spell: Blink
   176 | D:1      | Learned a level 2 spell: Call Imp
   484 | D:1      | Reached XP level 3. HP: 26/32 MP: 5/8
   495 | D:1      | Learned a level 3 spell: Mephitic Cloud
   539 | D:1      | Found a faded altar of an unknown god.
   577 | D:1      | Reached skill level 1 in Fighting
  1195 | D:2      | Reached skill level 1 in Armour
  1401 | D:3      | Reached XP level 4. HP: 38/41 MP: 9/9
  1424 | D:3      | Identified the +10 dagger of the Desolation of Salt {drain,
                  | Dex+4}
  1526 | D:3      | Found a glowing silver altar of Zin.
  1526 | D:3      | Noticed an angel
  1632 | D:3      | Noticed Grinder
  1648 | D:3      | Killed Grinder
  1649 | D:3      | Reached skill level 1 in Axes
  1649 | D:3      | Reached skill level 1 in Air Magic
  1649 | D:3      | Reached skill level 1 in Poison Magic
  1649 | D:3      | Reached XP level 5. HP: 27/49 MP: 5/11
  1649 | D:3      | Reached XP level 6. HP: 31/57 MP: 5/12
  1656 | D:3      | Learned a level 3 spell: Teleport Other
  1767 | D:3      | Found a transporter.
  1853 | D:3      | Found a transporter.
  1857 | D:3      | Noticed crabbyslav's ghost (amateur OpWn)
  2436 | D:4      | Found a stormy altar of Qazlal.
  2436 | D:4      | Found a radiant altar of Vehumet.
  2529 | D:4      | Learned a level 2 spell: Wereblood
  2855 | D:4      | Found a large runed translucent door.
  2856 | D:4      | Found a large runed translucent door.
  2890 | D:4      | Noticed a sky beast
  2912 | D:4      | Killed a sky beast
  2913 | D:4      | Reached XP level 7. HP: 26/66 MP: 4/13
  3303 | D:4      | Found a large runed translucent door.
  3303 | D:4      | Found a large runed translucent door.
  3345 | D:4      | Reached skill level 1 in Transmutations
  3346 | D:4      | Found the +0 pair of fencer's gloves {Riposte Dex+3}
  4060 | D:3      | Killed crabbyslav's ghost
  4061 | D:3      | Reached skill level 1 in Ice Magic
  5087 | D:5      | Entered Level 5 of the Dungeon
  5116 | D:5      | Reached XP level 8. HP: 51/67 MP: 10/15
  5294 | D:5      | Found a staircase to the Ecumenical Temple.
  5311 | D:5      | Reached skill level 5 in Spellcasting
  5550 | D:4      | Identified the +1 dagger of Seeni {freeze, rC++ Int+3
                  | Dex-5}
  5576 | D:4      | Learned a level 3 spell: Frozen Ramparts
  6984 | D:6      | Reached XP level 9. HP: 23/85 MP: 8/17
  7619 | D:6      | Reached skill level 5 in Fighting
  7936 | D:7      | Noticed Menkaure
  7948 | D:7      | HP: 2/87 [Menkaure (13)]
  7953 | D:7      | HP: 3/87 [??? (1)]
  8144 | D:7      | Found a flagged portal.
  8168 | Bailey   | Entered a bailey
  9427 | Bailey   | Reached XP level 10. HP: 82/98 MP: 16/19
  9444 | Bailey   | Noticed an orc high priest
  9450 | Bailey   | Noticed a kobold demonologist
  9455 | Bailey   | Killed an orc high priest
  9456 | Bailey   | Reached skill level 5 in Dodging
  9494 | Bailey   | Killed a kobold demonologist
  9498 | Bailey   | Noticed an orc knight
  9586 | Bailey   | Found an iron altar of Okawaru.
  9594 | Bailey   | Became a worshipper of Warmaster Okawaru
  9773 | Bailey   | Killed an orc knight
  9773 | Bailey   | Reached * piety under Okawaru
  9774 | Bailey   | Reached skill level 5 in Axes
 10076 | D:7      | Acquired 1090 gold pieces
 10111 | D:7      | HP: 1/102 [Menkaure/nerve-wracking pain (11)]
 10122 | D:8      | Mangled by Menkaure

Illustrated notes

Levels and vault maps discovered:
D:1:      saegor_arrival_miasma, layout_loops_ring,
          shapermc_ecumenical_altar_ellora
D:2:      layout_basic
D:3:      layout_basic, zin_angel, gammafunk_ghost_mausoleum,
          palyth_stone_intersect, uniq_grinder
D:4:      layout_basic, amethyst_overflow_temple_binary,
          minmay_hollow_rounded_squares
D:5:      layout_loops_ring, minmay_temple_entry_junction, sigmund_army
D:6:      lemuel_ratsnest, layout_rooms, mainiacjoe_overflow_surrounded_room,
          minmay_statues_item, uniq_maggie, uniq_duvessa
D:7:      layout_gridville, enter_bailey_5, nicolae_elemental_shop,
          minmay_tree_intersection, hellmonk_guarded_unrand_frostbite,
          uniq_menkaure
D:8:      minmay_skewed_foursquare, layout_loops_ring,
          mainiacjoe_overflow_small_starburst

Skill      XL: |  1  2  3  4  5  6  7  8  9 10 |
---------------+-------------------------------+-----
Conjurations   | 1 2 3 |  3.0
Translocations | 1 2 3 |  3.0
Dodging        | 2 3 4 5 |  5.5
Fighting       | 1 2 3 4 6 7 |  7.0
Armour         | 1 2 3 4 |  4.0
Axes           | 1 2 3 4 5 |  5.2
Spellcasting   | 4 5 6 7 |  7.2
Air Magic      | 1 2 |  2.0
Poison Magic   | 1 2 |  2.0
Transmutations | 1 2 3 4 |  4.0
Ice Magic      | 1 2 3 4 |  4.4
Maces & Flails | |  0.1
Stealth        | |  1.4
Summonings     | |  0.8

Action                     |  1- 3 |  4- 6 |  7- 9 | 10-12 || total
---------------------------+-------+-------+-------+-------++-------
  Melee: Dagger            |    22 |    83 |    80 |       ||   185
         Mace              |    71 |     9 |   165 |       ||   245
         Punch             |       |     1 |     3 |       ||     4
         Halberd           |       |       |    77 |    26 ||   103
   Cast: Magic Dart        |     6 |       |       |       ||     6
         Call Imp          |     8 |     4 |    35 |       ||    47
         Blink             |       |     3 |     8 |       ||    11
         Mephitic Cloud    |       |     2 |    32 |    15 ||    49
         Frozen Ramparts   |       |       |    15 |       ||    15
         Wereblood         |       |       |     2 |       ||     2
    Use: Scroll            |     2 |     9 |     2 |     2 ||    15
         Potion            |       |     2 |     2 |     1 ||     5
   Stab: Sleeping          |     3 |     4 |     1 |       ||     8
         Confused          |       |       |     4 |     2 ||     6
 Armour: Robe              |    70 |    30 |   136 |     4 ||   240
  Dodge: Dodged            |    56 |    35 |   208 |    20 ||   319

Table legend: (Time is in decaauts)
 A = Elapsed time spent in this place.
 B = Non-inter-level travel time spent in this place.
 C = Inter-level travel time spent in this place.
 D = Time resting spent in this place.
 E = Time spent auto-exploring this place.
 F = Levels seen in this place.
 G = Mean time per level.
                   A        B        C        D        E       F      G
               +--------+--------+--------+--------+--------+-----+--------+
         Total |  10247 |  10063 |    184 |   2851 |   3486 |   9 | 1138.6 |
       Dungeon |   8439 |   8255 |    184 |   2004 |   3366 |   8 | 1054.9 |
        Bailey |   1807 |   1807 |      0 |    847 |    120 |   1 | 1807.0 |
               +--------+--------+--------+--------+--------+-----+--------+

Top non-repeatable levels by time:
     D:4: 2831 daAuts
  Bailey: 1807 daAuts
     D:3: 1651 daAuts
     D:5: 1319 daAuts
     D:1: 784 daAuts
     D:2: 717 daAuts
     D:6: 657 daAuts
     D:7: 471 daAuts
     D:8: 4 daAuts
